 Dungeon Crawl Stone Soup version 0.32-a0-418-g34023cf50c (webtiles) character file.

Game seed: 5930959676367828118

124581 Drift2Die the Warrior (level 16, -4/80 (87) HPs)
             Began as a Vine Stalker Brigand on Feb 19, 2024.
             Was a High Priest of Ru.
             Splashed by a goliath frog's acid (6 damage)
             ... on level 1 of the Swamp on Feb 21, 2024.
             The game lasted 02:48:26 (41436 turns).

Drift2Die the Warrior (Vine Stalker Brigand)       Turns: 41436, Time: 02:48:26

HP:   -4/80 (87)    AC:  3    Str: 20    XL:     16   Next: 93%
MP:   0/17          EV: 10    Int: 11    God:    Ru [*****.]
Gold: 1652          SH: 12    Dex: 22    Spells: 15/15 levels left

rFire   + + .        r - +11 short sword of Imyn {spect, rPois Str+4}
rCold   + . .        c - +1 kite shield
rNeg    . . .        U - quicksilver dragon scales
rPois   +            q - +0 helmet
rElec   .            j - +1 cloak {rF+}
rCorr   .            o - +0 pair of gloves
SInv    .            T - +0 pair of boots
Will    +++..        x - amulet of regeneration
Stlth   ++++         F - ring of protection from fire
HPRegen 1.93/turn    B - ring of protection from cold
MPRegen 0.15/turn

%: guardian spirit
@: exhausted, about to teleport, corroded, drained
A: fangs 3, frail 1, regeneration 1, magic shield, antimagic bite, no potion
heal 2, inability to drink after injury 2, hated by all, no forms
a: Renounce Religion, Sacrifice Health, Sacrifice Arcana, Sacrifice Essence,
Reject Sacrifices, Draw Out Power, Power Leap, Apocalypse


You were on level 1 of the Swamp.
You worshipped Ru.
Ru was extremely pleased with you.
You visited 6 branches of the dungeon, and saw 25 of its levels.
You also visited: Bailey and Volcano.

You collected 2559 gold pieces.
You spent 907 gold pieces at shops.

Inventory:

Hand Weapons
 e - a +0 quick blade of flaming
 r - the +11 short sword of Imyn (weapon) {spect, rPois Str+4}
   (You found it on level 3 of the Dungeon)

   Str+4:     It affects your strength (+4).
   rPois:     It protects you from poison
 z - a +1 dagger of speed
Missiles
 b - 5 javelins
 d - 35 poisoned darts (quivered)
 G - 30 boomerangs
 K - 5 silver javelins
Armour
 c - a +1 kite shield (worn)
 j - a +1 cloak of fire resistance (worn)
 o - a +0 pair of gloves (worn)
 q - a +0 helmet (worn)
 u - a +2 chain mail of fire resistance
 T - a +0 pair of boots (worn)
 U - quicksilver dragon scales (worn)
Jewellery
 g - a ring of resist corrosion
 v - an amulet of magic regeneration
 w - an amulet of the acrobat
 x - an amulet of regeneration (around neck)
 B - a ring of protection from cold (right hand)
 C - a ring of flight
 F - a ring of protection from fire (left hand)
 N - a ring of willpower
 S - an amulet of reflection
Wands
 M - a wand of mindburst (7)
 O - a wand of paralysis (7)
 P - a wand of light (5)
 Q - a wand of iceblast (9)
 R - a wand of flame (30)
Scrolls
 k - 6 scrolls of fog
 t - 10 scrolls of teleportation
 y - 3 scrolls of enchant weapon
 A - 3 scrolls of immolation
 D - 2 scrolls of enchant armour
 H - 5 scrolls of revelation
 L - a scroll of vulnerability
 X - a scroll of torment
 Y - a scroll of amnesia
 Z - a scroll of noise
Potions
 a - 6 potions of haste
 f - 4 potions of degeneration
 i - 7 potions of brilliance
 l - 3 potions of attraction
 m - 2 potions of berserk rage
 n - 3 potions of cancellation
 s - 12 potions of curing
 E - 4 potions of resistance
 I - a potion of invisibility
 J - 3 potions of might
 W - 2 potions of enlightenment
Miscellaneous
 h - a phial of floods (inert)
 V - a tin of tremorstones (2/2)


   Skills:
 + Level 16.4 Fighting
 - Level 10.0 Short Blades
 - Level 14.3 Throwing
 - Level 10.0 Armour
 - Level 0.7 Dodging
 - Level 11.0 Stealth
 + Level 6.4 Shields
 - Level 10.0 Evocations


You had 15 spell levels left.
You didn't know any spells.
Your spell library contained the following spells:

 Spells                   Type           Power      Damage    Failure   Level
 Freeze                   Ice            0%         1d3       75%         1
 Necrotise                Necr           0%         1d4       75%         1
 Shock                    Conj/Air       0%         1d3       75%         1
 Cigotuvi's Dreadful Rot  Necr/Alch/Air  0%         N/A       87%         2
 Lesser Beckoning         Tloc           0%         N/A       87%         2
 Scorch                   Fire           0%         2d5       87%         2
 Static Discharge         Conj/Air       0%         3-3/arc   87%         2
 Frozen Ramparts          Ice            0%         1d1       98%         3
 Fugue of the Fallen      Necr           0%         N/A       98%         3
 Gell's Gravitas          Tloc           0%         N/A       98%         3
 Hailstorm                Conj/Ice       0%         3d5       98%         3
 Ozocubu's Armour         Ice            0%         N/A       98%         3
 Swiftness                Air            0%         N/A       98%         3
 Teleport Other           Tloc           0%         N/A       98%         3
 Vampiric Draining        Necr           0%         2d6       98%         3
 Airstrike                Air            0%         2d(0-16)  100%        4
 Dimensional Bullseye     Hex/Tloc       0%         N/A       100%        4
 Flame Wave               Conj/Fire      0%         2d4       100%        4
 Ignite Poison            Fire/Alch      0%         N/A       100%        4
 Iskenderun's Mystic Bla  Conj/Tloc      0%         2d3       100%        4
 Manifold Assault         Tloc           0%         N/A       100%        4
 Olgreb's Toxic Radiance  Alch           0%         N/A       100%        4
 Curse of Agony           Necr           0%         N/A       100%        5
 Freezing Cloud           Conj/Ice/Air   0%         6-21      100%        5
 Lee's Rapid Deconstruct  Erth           0%         3d4*      100%        5
 Ozocubu's Refrigeration  Ice            0%         4d7       100%        7
 Discord                  Hex            0%         N/A       100%        8
 Tukima's Dance           Hex            Unusable   N/A       N/A         3
 Animate Armour           Summ/Erth      Unusable   N/A       N/A         4
 Animate Dead             Necr           Unusable   N/A       N/A         4
 Martyr's Knell           Necr/Summ      Unusable   N/A       N/A         4
 Summon Lightning Spire   Summ/Air       Unusable   N/A       N/A         4
 Summon Cactus Giant      Summ           Unusable   N/A       N/A         6
 Haunt                    Necr/Summ      Unusable   N/A       N/A         7
 Infestation              Necr           Unusable   N/A       N/A         8

Dungeon Overview and Level Annotations

Branches:
Dungeon (15/15)            Temple (1/1) D:4            Lair (5/5) D:10
  Swamp (1/4) Lair:2       Spider (1/4) Lair:3        Slime (0/5) Lair:5
    Orc (2/2) D:12            Elf (0/3) Orc:2        Vaults (0/5) D:14
 Depths (0/4) D:15         Bailey (visited)         Volcano (visited)

Altars:
Ashenzari
Cheibriados
Dithmenos
Elyvilon
Gozag
Kikubaaqudgha
Makhleb
Nemelex Xobeh
Okawaru
Qazlal
Ru
Sif Muna
Trog
Uskayaw
Vehumet
Wu Jian
Xom
Zin
The Shining One

Shops:
D:4 *(   D:13 [   Orc:2 !(**


Innate Abilities, Weirdness & Mutations

You have razor-sharp teeth.
You are frail. (-10% HP)
Your natural rate of healing is unusually fast.
When hurt, damage is shared between your health and your magic reserves.
Your bite disrupts and absorbs the magic of your enemies.
Potions cannot restore your health.
You sometimes lose the ability to drink potions when taking damage.
You are hated by all.
You cannot voluntarily change form.


Message History

Moving in this stuff is going to be slow.
You enter the shallow water.
Moving in this stuff is going to be slow.
A goliath frog comes into view.
You enter the shallow water.
Moving in this stuff is going to be slow.
The swamp drake roars!
The goliath frog hits you from afar!! The acid corrodes you!
You are splashed with acid!
The goliath frog hits you from afar!! The acid corrodes you!
You are splashed with acid!
The swamp drake bites you. The goliath frog hits you from afar!
The acid corrodes you!
You are splashed with acid.
* * * LOW HITPOINT WARNING * * *
You hit the swamp drake but do no damage.
Your +11 short sword of Imyn {spect, rPois Str+4} hits the swamp drake.
The swamp drake barely misses you. The goliath frog hits you from afar.
* * * LOW HITPOINT WARNING * * *
The acid corrodes you!
You are splashed with acid.
* * * LOW HITPOINT WARNING * * *
You are restored by drawing out deep reserves of power within.
You feel drained.
Your +11 short sword of Imyn {spect, rPois Str+4} disappears.
The swamp drake bites you! You block the goliath frog's attack.
Okay, then.
As you read the scroll of teleportation, it crumbles to dust.
You feel strangely unstable. You block the goliath frog's attack.
The swamp drake closely misses you.
The goliath frog attacks as it pursues you!
The goliath frog hits you from afar! The acid corrodes you!
You are splashed with acid!
* * * LOW HITPOINT WARNING * * *
The swamp drake barely misses you. You block the goliath frog's attack.
The swamp drake is stunned by your conviction and fails to attack.
The goliath frog attacks as it pursues you!
You block the goliath frog's attack. The goliath frog hits you from afar!!
* * * LOW HITPOINT WARNING * * *
You are splashed with acid.
You die...
Ru respects your ultimate sacrifice.

#~.........~~~~...~
#~...~~~.<~.~~~..
##..~..~P~.~...♣♣
##..~...)♣♣...♣
#......♣÷♣...♣
####...P..~....~♣
#PP.....~..~~..♣♣♣♣
##P...~....♣..~~♣♣.♣≈≈
#PP...[)⌠@♣~♣...§~..≈≈≈
#P..~.~.~k~[~~~..♣.♣≈≈≈
#P.....~.F~§...~.~..♣
#..~~.~....~~.~..♣~~♣
#....~....♣...~.♣♣~.~≈
.~...~~.~.~.~~~..♣ ..♣
.#..........~....~.~..≈
#..PP~...PP..~..♣~~~.
.~...P##~~##..~~.♣♣~.♣


You could see a goliath frog and a swamp drake.

Vanquished Creatures
  A sphinx (D:14)
  2 tengu reavers
  2 entropy weavers (shapeshifter)
  2 entropy weavers (Spider:1)
  Fannar (D:11)
  Josephine (D:11)
  Erolcha (D:11)
  A great orb of eyes (D:14)
  A ghost crab (Swamp:1)
  A jorogumo (Spider:1)
  2 ogre magi
  Erica (D:9)
  4 catoblepae
  8 boulder beetles
  8 centaur warriors
  5 hydras
  5 two-headed ogres
  8 death yaks
  3 orc high priests (Orc:2)
  A deep troll earth mage (D:15)
  The ghost of Vendren the Eclecticist, a journeyman DECj of Dithmenos (D:12)
  2 demonic crawlers (Spider:1)
  Amaemon (D:11)
  A fire crab (Lair:5)
  2 skysharks
  3 skeletal warriors (D:13)
  4 pharaoh ants (Spider:1)
  A goliath frog (Swamp:1)
  Lodul (D:11)
  2 bog bodies
  A sun moth (Spider:1)
  A steelbarb worm (Spider:1)
  2 deep elf archers (Volcano)
  9 orc knights
  8 wolf spiders (Spider:1)
  7 deep elf pyromancers
  7 orc sorcerers
  12 cyclopes
  15 ugly things
  6 manticores
  A moth of wrath (Spider:1)
  4 kobold blastminers
  9 elephants
  4 black mambas
  2 gargoyles
  A black mamba (shapeshifter) (D:11)
  6 cane toads
  An orange demon (D:11)
  An efreet (D:15)
  A yaktaur (D:14)
  An unseen horror (D:13)
  A rime drake (Lair:5)
  10 komodo dragons
  Psyche (D:8)
  8 trolls
  Grinder (D:5)
  A queen bee (shapeshifter) (D:13)
  7 tarantellas (Spider:1)
  Prince Ribbit (D:5)
  4 hornets
  12 blink frogs
  10 slime creatures
  9 jumping spiders
  Sigmund (D:5)
  5 culicivoras
  3 spriggans (Swamp:1)
  58 yaks
  5 wyverns
  6 fire elementals (Volcano)
  4 wraiths
  16 humans (D:14)
  3 shadows
  A steam dragon (D:10)
  3 wargs
  3 basilisks
  8 redbacks
  7 vampire mosquitoes
  A swamp worm (shapeshifter) (D:12)
  A swamp worm (Lair:2)
  A water moccasin (shapeshifter) (D:13)
  Duvessa (D:7)
  15 water moccasins
  4 hell hounds (Volcano)
  20 orc warriors
  3 ice beasts
  A black bear (D:6)
  2 sky beasts
  15 ogres
  16 wolves
  5 centaurs
  A phantom (D:4)
  3 kobold brigands
  10 bullfrogs
  2 gnoll sergeants
  4 scorpions
  8 wights
  Dowan (D:7)
  13 killer bees
  A howler monkey (D:7)
  4 electric eels (Lair:2)
  16 orc priests
  3 bombardier beetles
  6 hounds
  15 jellies
  A gnoll bouda (D:9)
  4 iguanas
  Natasha (thrice) (D:3)
  10 hell rats
  23 orc wizards
  14 gnolls
  2 adders
  2 shadow imps
  2 white imps
  6 dart slugs
  2 ribbon worms
  82 orcs
  4 bats
  5 endoplasms
  4 giant cockroaches
  14 goblins
  7 hobgoblins
  2 jackals (D:1)
  3 quokkas
  3 ball pythons
  6 frilled lizards
  30 kobolds
  8 rats
  A spectral goblin (D:1)
773 creatures vanquished.

Vanquished Creatures (others)
  A hydra (Lair:5)
  A centaur warrior (D:15)
  A boulder beetle (D:13)
  A steelbarb worm (Spider:1)
  A swamp dragon (Swamp:1)
  A cane toad (Lair:3)
  2 bloated husks (Swamp:1)
  3 jumping spiders (Spider:1)
  A culicivora (Spider:1)
  A wyvern (Lair:3)
  A yak (Lair:5)
  An orc warrior (Orc:1)
  An orc priest (Orc:2)
  7 spectral weapons
23 creatures vanquished.

Grand Total: 796 creatures vanquished

Notes
Turn   | Place    | Note
-------+----------+-------------------------------------------
     0 | D:1      | Drift2Die the Vine Stalker Brigand began the quest for the
                  | Orb.
     0 | D:1      | Reached XP level 1. HP: 11/11 MP: 2/2
    56 | D:1      | Reached skill level 2 in Fighting
    56 | D:1      | Reached skill level 5 in Stealth
    56 | D:1      | Reached XP level 2. HP: 13/15 MP: 3/3
   454 | D:1      | Reached XP level 3. HP: 18/18 MP: 4/4
   544 | D:1      | Found a faded altar of an unknown god.
   930 | D:2      | Reached XP level 4. HP: 23/23 MP: 5/5
  1586 | D:3      | Reached skill level 3 in Fighting
  1592 | D:3      | Noticed Natasha
  1593 | D:3      | Reached XP level 5. HP: 28/28 MP: 4/6
  1663 | D:3      | Killed Natasha
  1694 | D:3      | Noticed Natasha
  1705 | D:3      | Killed Natasha
  1789 | D:3      | Noticed Natasha
  1795 | D:3      | Identified the +11 short sword of Imyn {spect, rPois Str+4}
  2111 | D:3      | Found a snail-covered altar of Cheibriados.
  2218 | D:3      | Killed Natasha
  2219 | D:3      | Reached XP level 6. HP: 32/32 MP: 7/7
  2481 | D:2      | Upgraded the game from 0.32-a0-377-g951292165a to
                  | 0.32-a0-401-g0bcb2a7693
  2619 | D:4      | Found a sacrificial altar of Ru.
  2625 | D:4      | Became a worshipper of Ru the Awakened
  2683 | D:4      | Found Qawoh's Weapon Boutique.
  2857 | D:4      | Found Qionok's Gadget Gallery.
  3241 | D:4      | Found a staircase to the Ecumenical Temple.
  3632 | Temple   | Entered the Ecumenical Temple
  3707 | D:5      | Entered Level 5 of the Dungeon
  3713 | D:5      | Noticed Prince Ribbit
  4302 | D:5      | Reached XP level 7. HP: 35/37 MP: 6/8
  4336 | D:5      | Reached skill level 4 in Fighting
  4407 | D:5      | Gained mutation: You are hated by all. [Ru sacrifice]
  4407 | D:5      | Reached * piety under Ru
  4418 | D:5      | Reached skill level 5 in Short Blades
  4549 | D:5      | Noticed Sigmund
  4574 | D:5      | Killed Prince Ribbit
  4575 | D:5      | Gained mutation: You have razor-sharp teeth. [Vine Stalker
                  | growth]
  4575 | D:5      | Reached XP level 8. HP: 26/42 MP: 3/9
  4579 | D:5      | Killed Sigmund
  4651 | D:5      | Reached skill level 5 in Fighting
  4907 | D:5      | Found a hide-covered altar of Uskayaw.
  4996 | D:5      | Noticed Grinder
  5006 | D:5      | Killed Grinder
  5567 | D:6      | Found an ornate altar of the Wu Jian Council.
  5575 | D:6      | Reached XP level 9. HP: 47/47 MP: 8/10
  5669 | D:6      | You fall into a shaft and drop 1 floor!
  5719 | D:7      | Found a shimmering altar of Xom.
  5870 | D:6      | Reached skill level 6 in Fighting
  6664 | D:7      | Gained mutation: You are frail. (-10% HP) [Ru sacrifice]
  6664 | D:7      | Reached ** piety under Ru
  6664 | D:7      | Reached *** piety under Ru
  6797 | D:7      | Reached skill level 7 in Fighting
  6805 | D:7      | Noticed Duvessa
  6816 | D:7      | Noticed Dowan
  6819 | D:7      | Killed Dowan
  6820 | D:7      | Reached XP level 10. HP: 49/49 MP: 11/11
  6826 | D:7      | Killed Duvessa
  7502 | D:8      | Noticed Psyche
  7511 | D:8      | Killed Psyche
  7579 | D:8      | Found a flagged portal.
  7618 | Bailey   | Entered a bailey
  7675 | Bailey   | Noticed an orc warlord
  7812 | Bailey   | Reached skill level 10 in Short Blades
  7824 | Bailey   | Found a runed translucent gate.
  7824 | Bailey   | Found a runed translucent gate.
  7914 | Bailey   | Found a runed translucent gate.
  7932 | Bailey   | Reached skill level 8 in Fighting
  8315 | D:8      | Gained mutation: You cannot voluntarily change form. [Ru
                  | sacrifice]
  9035 | D:9      | Found a stormy altar of Qazlal.
  9213 | D:9      | Found an opulent altar of Gozag.
  9215 | D:9      | Found a broken altar of Ashenzari.
  9321 | D:9      | Noticed Erica
  9388 | D:8      | Reached skill level 9 in Fighting
  9648 | D:9      | Killed Erica
  9921 | D:8      | Reached skill level 10 in Fighting
  9923 | D:8      | Reached skill level 1 in Armour
  9958 | D:9      | Reached XP level 11. HP: 46/56 MP: 12/12
 10518 | D:9      | Upgraded the game from 0.32-a0-401-g0bcb2a7693 to
                  | 0.32-a0-418-g34023cf50c
 10548 | D:10     | Entered Level 10 of the Dungeon
 11374 | D:10     | Reached skill level 5 in Armour
 11528 | D:10     | Found a staircase to the Lair.
 12106 | D:11     | Noticed Erolcha
 12397 | D:11     | Found a radiant altar of Vehumet.
 12416 | D:10     | Gained mutation: You occasionally lose the ability to drink
                  | potions when taking damage. [Ru sacrifice]
 12416 | D:10     | Gained mutation: You sometimes lose the ability to drink
                  | potions when taking damage. [Ru sacrifice]
 12416 | D:10     | Reached **** piety under Ru
 12416 | D:10     | Reached ***** piety under Ru
 12474 | D:11     | Noticed Josephine
 12869 | D:11     | Reached skill level 1 in Shields
 12898 | D:11     | Noticed a cyclops
 12992 | D:11     | Killed a cyclops
 13217 | D:11     | Noticed an ogre mage
 13227 | D:11     | Killed an ogre mage
 13253 | D:11     | Killed Josephine
 13525 | D:11     | Noticed Fannar
 13551 | D:11     | Reached XP level 12. HP: 42/62 MP: 10/13
 13562 | D:11     | Killed Fannar
 13563 | D:11     | Reached skill level 11 in Fighting
 13871 | D:11     | Reached skill level 5 in Throwing
 15020 | Lair:1   | Entered Level 1 of the Lair of Beasts
 15492 | Lair:1   | Reached skill level 5 in Shields
 16278 | Lair:2   | Reached skill level 12 in Fighting
 16335 | Lair:2   | Reached skill level 10 in Stealth
 16501 | Lair:2   | Reached skill level 1 in Evocations
 16764 | Lair:2   | Noticed a seven-headed hydra
 17220 | Lair:2   | Killed a seven-headed hydra
 17221 | Lair:2   | Reached XP level 13. HP: 53/67 MP: 14/14
 17675 | Lair:2   | Identified the +5 long sword "Ehiliz" {heavy, Int+4}
 17691 | Lair:2   | Reached skill level 5 in Evocations
 17944 | Lair:2   | Found a staircase to the Swamp.
 18456 | Lair:3   | HP: 4/100 [death yak (16)]
 18458 | Lair:3   | HP: 1/100 [death yak (4)]
 18852 | Lair:3   | Found a hole to the Spider Nest.
 20274 | D:4      | Bought a wand of iceblast (6) for 158 gold pieces
 22292 | D:11     | Killed Erolcha
 22676 | D:11     | Noticed Lodul
 22682 | D:11     | Killed Lodul
 22731 | D:11     | Noticed Amaemon
 22740 | D:11     | Killed Amaemon
 23098 | Lair:5   | Entered Level 5 of the Lair of Beasts
 23117 | Lair:5   | Reached XP level 14. HP: 70/72 MP: 15/15
 23182 | Lair:5   | Reached skill level 13 in Fighting
 24041 | Lair:5   | Found a staircase to the Slime Pits.
 25727 | D:12     | Found a staircase to the Orcish Mines.
 25741 | D:12     | Found a transporter.
 25744 | D:12     | Found a transporter.
 25745 | D:12     | Noticed Vendren's ghost (journeyman DECj)
 25824 | D:12     | Reached skill level 14 in Fighting
 25831 | D:12     | Identified the +0 leather armour "Getul" {Rampage rPois
                  | Dex+3 Stlth-}
 26233 | D:12     | Reached skill level 10 in Evocations
 26287 | D:12     | Identified the +0 ring mail of Calculation {Rampage *Slow
                  | rN+ Str+3}
 26521 | D:12     | Identified a scroll of acquirement
 26522 | D:12     | Acquired a manual of Throwing
 27123 | D:13     | Found Zovaip's Antique Armour Shoppe.
 27134 | D:13     | Bought a helmet for 121 gold pieces
 28277 | Orc:1    | Entered Level 1 of the Orcish Mines
 28336 | Orc:2    | Entered Level 2 of the Orcish Mines
 28851 | Orc:2    | Found a dark tunnel.
 28917 | Orc:2    | Found Biakipesk's Assorted Antiques.
 29023 | Volcano  | Entered a volcano
 29094 | Volcano  | Reached XP level 15. HP: 79/79 MP: 16/16
 29544 | Orc:2    | Found Yzyrum's General Store.
 29577 | Orc:2    | Reached skill level 10 in Armour
 30243 | Orc:2    | Found Saca's Distillery.
 30422 | Orc:2    | Bought a scroll of enchant weapon for 112 gold pieces
 30424 | Orc:2    | Bought a potion of might for 52 gold pieces
 30424 | Orc:2    | Bought 2 potions of haste for 260 gold pieces
 30424 | Orc:2    | Found Zuusuf's Weapon Shop.
 30435 | Orc:2    | Bought a scroll of teleportation for 60 gold pieces
 30435 | Orc:2    | Bought a scroll of identify for 40 gold pieces
 31511 | Orc:1    | You fall into a shaft and drop 1 floor!
 31511 | Orc:2    | Found a staircase to the Elven Halls.
 32739 | Orc:2    | Bought a potion of cancellation for 104 gold pieces
 33179 | D:14     | Reached skill level 15 in Fighting
 33526 | D:14     | Noticed a tengu reaver
 33532 | D:14     | Noticed a sphinx
 33533 | D:14     | Killed a tengu reaver
 33543 | D:14     | Killed a sphinx
 34195 | D:14     | Found a hide-covered altar of Uskayaw.
 34302 | D:14     | Found a gate to the Vaults.
 34356 | D:14     | Reached XP level 16. HP: 76/82 MP: 17/17
 34622 | D:15     | Entered Level 15 of the Dungeon
 34682 | D:15     | Reached skill level 10 in Throwing
 34922 | D:15     | Found a sparkling altar of Nemelex Xobeh.
 35132 | D:15     | Found a staircase to the Depths.
 35296 | D:15     | Reached skill level 16 in Fighting
 36611 | D:15     | Noticed a tengu reaver
 36743 | D:15     | Killed a tengu reaver
 37192 | D:12     | Killed Vendren's ghost
 37541 | Spider:1 | Entered Level 1 of the Spider Nest
 39782 | Spider:1 | HP: 3/82 [barbs]
 40689 | Swamp:1  | Entered Level 1 of the Swamp
 41436 | Swamp:1  | HP: 2/80 [goliath frog (20)]
 41436 | Swamp:1  | Splashed by a goliath frog's acid

Illustrated notes

Levels and vault maps discovered:
D:1:      roderic_chinese_lattice_arrival, layout_basic,
          dreamdust_ecumenical_altar_drowned_temple
D:2:      cheibrodos_helix_gallery, layout_basic
D:3:      layout_rooms, general_overflow_altar, uniq_natasha
D:4:      layout_loops_corners, nicolae_ru_awakened_eye,
          minmay_temple_entry_arrows, serial_rivers,
          chequers_serial_rivers_small_a, chequers_serial_rivers_room_a,
          chequers_serial_rivers_small_3, chequers_serial_rivers_small_a,
          chequers_serial_rivers_large_a, serial_shops, shop,
          nicolae_shop_gadgets
D:5:      layout_cave_pools, mainiacjoe_overflow_paths, gup_sewer_entry_bubbles,
          kennysheep_dice, uniq_prince_ribbit1, uniq_sigmund, uniq_grinder
D:6:      layout_rooms, nicolae_wu_jian_wuxing_cycle
D:7:      minmay_razor_zed, layout_cave_pods, nicolae_overflow_crystal_walls,
          uniq_duvessa
D:8:      layout_gridville, mainiacjoe_overflow_divided_tiny, enter_bailey_5,
          uniq_psyche
D:9:      layout_irregular_city, mainiacjoe_overflow_large_starburst,
          kennysheep_little_box, uniq_erica
D:10:     layout_long_grid, erik_lair_dragon
D:11:     minmay_the_grid_triangle_9x9_recursive_2_mashed
          [minmay_the_grid_triangle_9x9_prize_top_heavy,
          minmay_the_grid_triangle_9x9_swiss_cheese,
          minmay_the_grid_triangle_9x9_dagger,
          minmay_the_grid_triangle_9x9_shrine], layout_basic,
          nicolae_vehumet_altar_sigil, uniq_josephine, uniq_lodul, uniq_amaemon,
          uniq_erolcha, uniq_fannar
D:12:     layout_rooms, orc_0_dummy, gammafunk_ghost_arena, chequers_garden,
          grunt_ogre_cave, drop_trap
D:13:     layout_loops_cross, serial_shops, shop
D:14:     minmay_dotted_concentric_squares, layout_rooms, david_vaults_3,
          old_standard_altar, grunt_ministairs_2, hangedman_corner_corridor
D:15:     hellmonk_depths_entry_around_the_bend, layout_basic,
          serial_park_gazebo [serial_park_minivault_5x5_4]
Temple:   nicolae_temple_bog_church
Lair:1:   layout_chaotic_city, serial_bayou_shore_b
Lair:2:   layout_cave_shapes, nicolae_swamp_entry_splash_gauntlet,
          beast_lair_carwin_1, serial_bayou_shore_a, grunt_megastairs_4
Lair:3:   layout_regular_city, nicolae_spider_entry_tight_spaces,
          cheibrodos_lair_caveside_slide
Lair:4:   layout_hall_layers
Lair:5:   evilmike_catoblepas_cave, layout_regular_city,
          minmay_slime_entry_jelly_boxes, basic_altar, grunt_megastairs_1,
          lemuel_fruit_tree
Swamp:1:  bobbens_index_wilting_gardens, layout_basic_swamp,
          nicolae_swamp_little_tower
Spider:1: layout_spider_delve, nicolae_spider_world_wide_web
Orc:1:    layout_diamond_mine
Orc:2:    st_orc_elflike, layout_caves, basic_altar,
          nicolae_volcano_entry_s_turn, minmay_orc_temple_b

Skill      XL: |  1  2  3  4  5  6  7  8  9 10 11 12 13 14 15 16 |
---------------+-------------------------------------------------+-----
Fighting       | 2 3 4 5 7 10 12 14 15 16 | 16.4
Short Blades   | 2 3 4 5 7 9 10 | 10.0
Stealth        | 5 6 7 8 9 11 | 11.0
Armour         | 2 5 9 10 | 10.0
Throwing       | 4 6 9 14 | 14.3
Shields        | 3 5 6 |  6.4
Evocations     | 4 8 10 | 10.0
Dodging        | |  0.7

Action                     |  1- 3 |  4- 6 |  7- 9 | 10-12 | 13-15 | 16-18 || total
---------------------------+-------+-------+-------+-------+-------+-------++-------
  Melee: Dagger            |    63 |    65 |       |       |       |       ||   128
         Bite              |    19 |    30 |    51 |   181 |   524 |   229 ||  1034
         Short sword       |       |    26 |   172 |   522 |  1137 |   469 ||  2326
  Throw: Dart              |       |     3 |     5 |    38 |    29 |    32 ||   107
         Throwing net      |       |       |       |     3 |     1 |       ||     4
         Javelin           |       |       |       |     1 |    10 |       ||    11
 Invoke: Sacrifice Love    |       |       |     1 |       |       |       ||     1
         Sacrifice Health  |       |       |     1 |       |       |       ||     1
         Draw Out Power    |       |       |       |     3 |     2 |     4 ||     9
         Sacrifice Forms   |       |       |       |     1 |       |       ||     1
         Sacrifice Drink   |       |       |       |     1 |       |       ||     1
         Reject Sacrifices |       |       |       |     1 |       |       ||     1
         Power Leap        |       |       |       |       |     3 |       ||     3
         Apocalypse        |       |       |       |       |     5 |     2 ||     7
  Evoke: Wand              |       |       |       |     7 |     1 |       ||     8
         Phial of floods   |       |       |       |       |       |     1 ||     1
    Use: Potion            |     2 |       |       |       |     3 |     4 ||     9
         Scroll            |       |       |     4 |    13 |     8 |    10 ||    35
   Stab: Sleeping          |     4 |    11 |    11 |    15 |    24 |     3 ||    68
         Distracted        |       |     1 |       |    16 |    34 |    11 ||    62
         Held in net/web   |       |       |       |     2 |     2 |       ||     4
         Confused          |       |       |       |     1 |       |       ||     1
         Invisible         |       |       |       |     2 |     5 |     3 ||    10
         Paralysed         |       |       |       |       |     5 |     2 ||     7
 Armour: Robe              |    29 |    52 |    61 |    83 |    43 |       ||   268
         Ring mail         |       |       |       |   110 |    34 |       ||   144
         Quicksilver drago |       |       |       |       |   339 |   340 ||   679
         Leather armour    |       |       |       |       |     7 |       ||     7
  Dodge: Dodged            |    26 |    32 |    74 |   177 |   317 |   154 ||   780
  Block: Kite shield       |     8 |    36 |    67 |   220 |   480 |   248 ||  1059

Table legend: (Time is in decaauts)
 A = Elapsed time spent in this place.
 B = Non-inter-level travel time spent in this place.
 C = Inter-level travel time spent in this place.
 D = Time resting spent in this place.
 E = Time spent auto-exploring this place.
 F = Levels seen in this place.
 G = Mean time per level.
                   A        B        C        D        E       F      G
               +--------+--------+--------+--------+--------+-----+--------+
         Total |  40803 |  38190 |   2613 |  18436 |   9421 |  27 | 1511.2 |
       Dungeon |  22840 |  21277 |   1563 |   8855 |   6266 |  15 | 1522.7 |
        Temple |     38 |     22 |     16 |      0 |      0 |   1 |   38.0 |
          Lair |  10598 |   9932 |    666 |   5466 |   2292 |   5 | 2119.6 |
         Swamp |    347 |    347 |      0 |    228 |      0 |   1 |  347.0 |
   Spider Nest |   2203 |   2203 |      0 |   1579 |     69 |   1 | 2203.0 |
  Orcish Mines |   3989 |   3623 |    366 |   2039 |    721 |   2 | 1994.5 |
        Bailey |    382 |    382 |      0 |     62 |     62 |   1 |  382.0 |
       Volcano |    402 |    402 |      0 |    205 |     11 |   1 |  402.0 |
               +--------+--------+--------+--------+--------+-----+--------+

Top non-repeatable levels by time:
    D:10: 3621 daAuts
  Lair:3: 2661 daAuts
    D:15: 2440 daAuts
  Lair:5: 2386 daAuts
  Lair:2: 2268 daAuts
Spider:1: 2203 daAuts
   Orc:1: 2047 daAuts
    D:11: 1965 daAuts
   Orc:2: 1942 daAuts
     D:4: 1768 daAuts
    D:14: 1741 daAuts
    D:13: 1722 daAuts
  Lair:1: 1709 daAuts
  Lair:4: 1572 daAuts
     D:9: 1471 daAuts
